 Dungeon Crawl Stone Soup version 0.25-a0-975-gcae8493d64 (webtiles) character file.

Game seed: 8869256588114893797, levelgen mode: deterministic

91098 bmfx the Fighter (level 15, 15/120 HPs)
             Began as a Mummy Warper on May 10, 2020.
             Was an Initiate of Gozag.
             Quit the game on level 3 of the Swamp.
             The game lasted 02:38:58 (47822 turns).

bmfx the Fighter (Mummy Warper)                    Turns: 47822, Time: 02:38:59

Health: 15/120     AC:  9    Str: 15    XL:     15   Next: 54%
Magic:  25/27      EV: 18    Int: 17    God:    Gozag
Gold:   368        SH: 11    Dex: 13    Spells: 7/30 levels left

rFire    . . .     SeeInvis .   a - +2 morningstar "Hiyl" {speed, rPois}
rCold    + + .     Gourm    .   O - +0 buckler
rNeg     + + +     Faith    .   s - +0 steam dragon scales
rPois    ∞         Spirit   .   m - +0 helmet (curse)
rElec    +         Reflect  +   A - scarf {repulsion}
rCorr    +         Harm     .   r - +1 pair of gloves
MR       +....                  (no boots)
Stlth    +.........             z - +5 amulet of reflection
HPRegen  0.30/turn              x - +5 ring of slaying
MPRegen  0.20/turn              p - ring of wizardry

@: resistant, stab, repel missiles
A: no food or potions, fire vulnerability, cold resistance 1, negative energy
resistance 3, torment resistance, unbreathing, in touch with death 1
a: Potion Petition, Call Merchant, Bribe Branch, Renounce Religion


You were on level 3 of the Swamp.
You worshipped Gozag.
Gozag was aware of your devotion.
You were not hungry.

You visited 5 branches of the dungeon, and saw 27 of its levels.
You visited 1 bazaar.
You also visited: Ice Cave.

You collected 8647 gold pieces.
You spent 4996 gold pieces at shops.
You paid 3283 gold pieces to Gozag.


Innate Abilities, Weirdness & Mutations

You do not eat or drink.
Your flesh is vulnerable to fire.
You are immune to poison.
Your flesh is cold resistant. (rC+)
You are immune to negative energy. (rN+++)
You are immune to unholy pain and torment.
You can survive without breathing.
You are in touch with the powers of death.

Dungeon Overview and Level Annotations

Branches:
Dungeon (14/15)            Temple (1/1) D:5            Lair (6/6) D:9
  Swamp (4/4) Lair:3        Snake (0/4) Lair:4        Slime (0/5) Lair:5
    Orc (2/2) D:11            Elf (0/3) Orc:2        Vaults (0/5) D:13
  IceCv (visited)

Altars:
Ashenzari
Cheibriados
Dithmenos
Elyvilon
Fedhas
Gozag
Hepliaklqana
Kikubaaqudgha
Makhleb
Nemelex Xobeh
Okawaru
Qazlal
Ru
Sif Muna
Trog
Uskayaw
Vehumet
Wu Jian
Xom
Yredelemnul
Zin
The Shining One
Beogh

Shops:
D:5 =   D:10 ([=   Orc:2 [:*(   Lair:6 [

Annotations:
D:13 1 runed translucent door, Flugslaktarn's ghost, journeyman DDFi
Lair:2 exclusion: oklob plant
Swamp:2 Donald
Swamp:3 exclusions: spriggan rider and swamp worm


   Skills:
 - Level 12.0 Fighting
   Level 3.0 Polearms
 - Level 11.9(12.0) Slings
 - Level 0.7(7.7) Throwing
 - Level 4.0 Armour
 - Level 10.1 Dodging
 - Level 8.1 Shields
 + Level 8.0 Spellcasting
 - Level 2.0 Conjurations
 - Level 6.0 Translocations
 - Level 4.0 Air Magic
 - Level 2.0 Poison Magic
 - Level 8.0 Evocations


You had 7 spell levels left.
You knew the following spells:

 Your Spells              Type           Power        Failure   Level  Hunger
a - Apportation           Tloc           ####..       1%          1    N/A
b - Blink                 Tloc           N/A          1%          2    N/A
p - Passage of Golubria   Tloc           N/A          3%          4    N/A
A - Shroud of Golubria    Chrm/Tloc      ###...       1%          2    N/A
B - Teleport Other        Tloc           ####....     1%          3    N/A
C - Mephitic Cloud        Conj/Pois/Air  ###.....     4%          3    N/A
D - Summon Lightning Spi  Summ/Air       ##......     17%         4    N/A
E - Airstrike             Air            ###.......   9%          4    N/A

Your spell library contained the following spells:

 Spells                   Type           Power        Failure   Level  Hunger
 Magic Dart               Conj           ##..         1%          1    N/A
 Shock                    Conj/Air       ###.         1%          1    N/A
 Gell's Gravitas          Tloc           ####......   1%          3    N/A
 Lesser Beckoning         Tloc           ####......   1%          3    N/A
 Swiftness                Chrm/Air       ##......     2%          2    N/A
 Static Discharge         Conj/Air       ###.....     3%          3    N/A
 Animate Skeleton         Necr           N/A          4%          1    N/A
 Corona                   Hex            #......      4%          1    N/A
 Summon Small Mammal      Summ           #...         4%          1    N/A
 Call Imp                 Summ           #.......     6%          2    N/A
 Slow                     Hex            #.......     6%          2    N/A
 Conjure Flame            Conj/Fire      ##......     9%          3    N/A
 Call Canine Familiar     Summ           #.......     12%         3    N/A
 Confusing Touch          Hex            #.......     12%         3    N/A
 Summon Guardian Golem    Hex/Summ       #.......     12%         3    N/A
 Tukima's Dance           Hex            #.......     12%         3    N/A
 Lightning Bolt           Conj/Air       ###.......   32%         5    N/A
 Cause Fear               Hex            #.........   38%         4    N/A
 Petrify                  Tmut/Erth      #.......     38%         4    N/A
 Summon Ice Beast         Ice/Summ       #.......     38%         4    N/A
 Silence                  Hex/Air        ##........   43%         5    N/A
 Metabolic Englaciation   Hex/Ice        #.........   71%         5    N/A
 Summon Mana Viper        Hex/Summ       #.......     71%         5    N/A
 Yara's Violent Unravell  Hex/Tmut       #.........   71%         5    N/A
 Conjure Ball Lightning   Conj/Air       ###.......   86%         6    N/A
 Tornado                  Air            ###.......   100%        9    N/A
 Spider Form              Tmut/Pois      Unusable     N/A         3    N/A

Action                   |  1- 3 |  4- 6 |  7- 9 | 10-12 | 13-15 || total
-------------------------+-------+-------+-------+-------+-------++-------
Melee: Spear             |   178 |   185 |   151 |    21 |       ||   535
       Long sword        |       |       |       |     6 |       ||     6
       Morningstar       |       |       |       |       |    38 ||    38
 Fire: Hunting sling     |     6 |   164 |   394 |  1235 |  2310 ||  4109
Throw: Stone             |    19 |     2 |       |     1 |       ||    22
       Boomerang         |     2 |       |       |       |     4 ||     6
       Dart              |       |       |    50 |    66 |    60 ||   176
 Cast: Shroud of Golubri |     2 |    36 |    42 |    13 |     4 ||    97
       Blink             |       |    15 |    22 |    57 |    79 ||   173
       Mephitic Cloud    |       |       |       |    25 |    35 ||    60
       Teleport Other    |       |       |       |       |     3 ||     3
       Airstrike         |       |       |       |       |    18 ||    18
Invok: Potion Petition   |       |       |       |     1 |     6 ||     7
       Call Merchant     |       |       |       |       |     1 ||     1
Evoke: Wand              |       |     4 |    19 |     9 |    76 ||   108
       Phial of floods   |       |       |       |       |     3 ||     3
       Phantom mirror    |       |       |       |       |     2 ||     2
  Use: Scroll            |     1 |     5 |     4 |    13 |    19 ||    42
 Stab: Sleeping          |     1 |       |       |       |     1 ||     2
       Distracted        |     1 |       |       |       |       ||     1
       Paralysed         |       |       |    21 |    13 |       ||    34
Armor: Leather armour    |    41 |     7 |       |       |       ||    48
       Robe              |       |    57 |    67 |       |       ||   124
       Steam dragon scal |       |       |       |   101 |    73 ||   174
       Fire dragon scale |       |       |       |       |    37 ||    37
Dodge: Dodged            |    87 |   132 |   181 |   253 |   413 ||  1066
       Repelled          |       |       |       |       |    28 ||    28
Block: Other             |       |       |     5 |    94 |    36 ||   135
       Reflection        |       |       |       |     5 |    18 ||    23
       Buckler           |       |       |       |       |   236 ||   236

Skill      XL: |  1  2  3  4  5  6  7  8  9 10 11 12 13 14 15 |
---------------+----------------------------------------------+-----
Polearms       | 2 3 |  3.0
Fighting       | 3 4 8 11 12 | 12.0
Slings         | 1 3 6 7 8 10 11 | 11.9
Spellcasting   | 4 6 8 |  8.0
Evocations     | 3 4 7 8 |  8.0
Translocations | 3 4 6 |  6.0
Dodging        | 3 7 9 10 | 10.1
Conjurations   | 2 |  2.0
Air Magic      | 2 4 |  4.0
Poison Magic   | 2 |  2.0
Shields        | 6 8 |  8.1
Armour         | 4 |  4.0
Throwing       | |  0.7

Inventory:

Hand Weapons
 a - the +2 morningstar "Hiyl" (weapon) {speed, rPois}
   (You found it on level 4 of the Lair of Beasts)

   Attacks with this weapon are significantly faster.
   It protects you from poison.
 w - a +6 hunting sling of freezing
Missiles
 b - 82 sling bullets
 e - 2 boomerangs of dispersal {=f}
 g - 460 stones
 t - 6 throwing nets {!f}
 v - 19 poisoned darts
 y - 45 boomerangs
 E - 5 curare-tipped darts (quivered)
Armour
 f - a +1 robe of magic resistance
 h - a +0 cloak
 m - a cursed +0 helmet (worn)
 r - a +1 pair of gloves (worn)
 s - +0 steam dragon scales (worn)
 A - a scarf of repulsion (worn)
 N - a +0 kite shield
 O - a +0 buckler (worn)
 P - +0 fire dragon scales
Magical Staves
 o - an uncursed staff of death
Jewellery
 c - a +4 ring of intelligence
 d - an uncursed ring of protection from fire
 l - an uncursed ring of resist corrosion
 p - a ring of wizardry (right hand)
 x - a +5 ring of slaying (left hand)
 z - a +5 amulet of reflection (around neck)
 D - an uncursed ring of see invisible
 I - an uncursed ring of ice
 L - an uncursed ring of fire
Wands
 j - a wand of iceblast (5)
 q - a wand of enslavement (2)
 J - a wand of random effects (10)
 M - a wand of flame (24)
Scrolls
 i - 15 scrolls of remove curse {@r4}
 k - 6 scrolls of immolation
 n - 3 scrolls of enchant armour
 u - 4 scrolls of brand weapon
 B - a scroll of fog
 F - 2 scrolls of fear
 H - 4 scrolls of identify {@r3}
Miscellaneous
 K - a phial of floods

§#.§....≈§..≈...§
.#.........≈.....≈
♣#..f.≈.≈..≈.≈≈..♣♣
...≈≈..♣≈.≈...≈.♣.♣
......≈w≈....$.≈...
.....≈...≈.≈≈.≈.≈≈♣
#....§..w≈≈≈.....♣
..♣.≈≈......y≈.♣.♣♣
.♣♣..k..≈.y.nyy≈@≈♣
♣ ♣≈..≈....§y≈.≈≈♣♣
♣...≈..≈..F...♣♣
♣♣≈..≈§.....♣♣♣
♣♣♣≈♣...≈..♣
♣♣.≈(♣..♣♣ ♣♣.≈.≈.≈
♣♣.♣..≈. ♣♣♣♣♣.≈


You could see a bog body, a spiny frog and 5 vampire mosquitoes.

Vanquished Creatures
  2 orc warlords
  Azrael (D:11)
  2 ettins
  A fire dragon (Lair:6)
  Fannar (Lair:2)
  2 hydras
  A vault guard (D:13)
  A shambling mangrove (Swamp:3)
  Harold (D:7)
  2 death knights (D:12)
  3 two-headed ogres
  A catoblepas (Lair:6)
  A tengu warrior (D:12)
  An alligator (Swamp:1)
  7 death yaks
  2 orc high priests
  A deep elf knight (D:13)
  Urug (D:12)
  A spriggan druid (Swamp:4)
  An unseen horror (D:13)
  2 swamp dragons
  6 phantasmal warriors
  3 orc knights (Orc:1)
  4 deep elf magi
  6 ugly things
  2 oklob plants (Lair:5)
  4 orc sorcerers
  19 elephants
  A cyclops (D:12)
  Joseph (D:7)
  Maurice (D:12)
  2 black mambas
  Maggie (D:7)
  A gargoyle (D:14)
  A freezing wraith (D:14)
  7 spiny frogs
  7 rime drakes
  5 komodo dragons
  A queen bee (shapeshifter) (D:13)
  9 trolls
  4 hornets
  2 polar bears
  Prince Ribbit (D:8)
  A polar bear (shapeshifter) (D:12)
  21 blink frogs
  5 bog bodies
  4 tyrant leeches
  9 hippogriffs
  6 dream sheep (Lair:6)
  10 slime creatures
  2 shadows
  2 wyverns
  7 basilisks
  3 wraiths
  28 yaks
  Grum (D:8)
  4 fire elementals (D:12)
  2 hungry ghosts
  2 steam dragons
  3 vampire mosquitoes
  5 swamp worms
  5 acid dragons
  2 nagas (Lair:4)
  10 water moccasins
  4 porcupines
  2 hell hounds
  4 swamp drakes
  3 sky beasts
  46 orc warriors
  11 ice beasts
  2 eyes of draining (D:12)
  A black bear (Lair:4)
  2 phantoms
  18 ogres
  4 centaurs
  17 wolves
  15 crocodiles
  2 big kobolds
  Blork the orc (Orc:2)
  15 bullfrogs
  5 gnoll sergeants
  A wyvern zombie (D:12)
  5 scorpions
  A water moccasin skeleton (D:5)
  6 killer bees
  A wight (D:6)
  2 howler monkeys
  5 crimson imps
  5 centaur zombies
  A quasit (D:8)
  7 hounds
  5 jellies
  A bullfrog zombie (D:10)
  25 orc wizards
  15 orc priests
  A bullfrog skeleton (D:13)
  7 centaur skeletons
  Jessica (D:3)
  3 iguanas
  10 worker ants
  A statue (D:8)
  A hound zombie (D:7)
  Robin (D:1)
  A worker ant zombie (D:7)
  16 adders
  14 gnolls
  A howler monkey skeleton (D:6)
  A shadow imp (D:5)
  An ooze (D:3)
  2 adder skeletons (D:6)
  A worm (D:5)
  2 dart slugs
  3 leopard geckos
  89 orcs
  6 bats
  9 giant cockroaches
  15 goblins
  13 hobgoblins
  7 jackals
  17 kobolds
  2 quokkas
  7 frilled lizards
  A giant cockroach zombie (D:6)
  A leopard gecko skeleton (D:3)
  A quokka skeleton (D:10)
  A quokka zombie (D:6)
  7 rats
  2 plants
732 creatures vanquished.

Vanquished Creatures (collateral kills)
  2 centaur warriors
  A fire elemental (D:11)
  An orc warrior (D:14)
4 creatures vanquished.

Vanquished Creatures (others)
  A centaur warrior (D:13)
  An orc knight (Orc:2)
  A deep elf mage (D:10)
  A hippogriff (D:13)
  An orc warrior (Orc:2)
  A bullfrog skeleton (D:7)
  An orc (Orc:2)
  A bush (Lair:6)
  15 fungi
  18 plants
  5 toadstools (Swamp:3)
46 creatures vanquished.

Grand Total: 782 creatures vanquished

Levels and vault maps discovered:
D:1:      minmay_arrival_widening_spiral_wide, layout_basic
D:2:      layout_loops_ring, eat_drink_and_be_merry_uskayaw,
          kennysheep_generic_room_9, uniq_robin
D:3:      layout_rooms, nicolae_qazlal_style_of_elements, uniq_jessica
D:4:      layout_basic, kennysheep_ying_yang, lemuel_doored_altar,
          kiku_gazebo_garden_becter, kennysheep_diamond
D:5:      layout_layer_cave, minmay_temple_entry_overgrown, basic_altar,
          serial_shops, nicolae_shop_temple_entry_statues_fountains,
          first_ration
D:6:      minmay_thinvault, layout_rooms, nicolae_gozag_seed_capital,
          nicolae_ru_the_path_less_chosen, nicolae_tso_carved_into_rock
D:7:      minmay_s_stair_smasher, layout_loops_corners,
          okawaru_altar_gauntlet_db, grunt_ogre_cave, uniq_joseph, uniq_maggie,
          uniq_harold
D:8:      layout_rooms, vehumet_statue, lemuel_coloured_pillars_altar,
          uniq_grum, uniq_prince_ribbit1
D:9:      layout_cave_pools, david_lair_generic
D:10:     layout_basic, serial_shops, nicolae_shop_statue_plus,
          nicolae_shop_overgrown_old_shop, kennysheep_little_box,
          david_defended_altar_elf, uniq_psyche
D:11:     layout_gridville, kennysheep_orc_monster_closet_entryway
D:12:     minmay_triangles_in_corner, layout_gridville, serial_shops,
          bzr_entry_water, serial_glass, glass_columns_a, glass_columns_a,
          item_on_display_a, item_on_display_a, item_on_display_a, uniq_maurice,
          uniq_urug, uniq_azrael
D:13:     layout_layer_cave, david_vaults_5, ebering_ghost_inner_flame
D:14:     minmay_crescents, layout_basic, serial_park_tiny_1, serial_curves,
          eino_curves_01, eino_curves_02
Temple:   minmay_temple_curvy_loop
Lair:1:   layout_cave_pods, minivault_25
Lair:2:   layout_cave_pods, portal_ice_cave_entry_ice_beasts,
          serial_bayou_lagoon_a, minmay_lair_oklob_bushes, lemuel_fruit_fields,
          serial_bayou_shore_b, infiniplex_staircase_pool, uniq_fannar
Lair:3:   layout_roguey, skrybe_swamp_entry_bodies, grunt_megastairs_3
Lair:4:   layout_concentric_octagons, guppyfry_snake_entry_island
Lair:5:   layout_regular_city, minmay_slime_entry_oklob_open, grunt_megastairs_4
Lair:6:   guppyfry_lair_end_dragon, layout_long_grid, wormcave,
          small_statue_intersection
Swamp:1:  layout_basic_swamp, evilmike_swamp_ruin_rubble_1, swamp_pool5,
          infiniplex_staircase_pool_2
Swamp:2:  layout_basic_swamp, nicolae_swamp_fairy_circle, swamp_pool1,
          uniq_frances, uniq_donald
Swamp:3:  cheibrodos_swamp_tower_of_moss, layout_basic_swamp,
          evilmike_swamp_ruin_rubble_2
Swamp:4:  byrel_swamp_growth_death_and_undeath, layout_basic_swamp,
          evilmike_swamp_ruin_house_4
Orc:1:    layout_caves
Orc:2:    grunt_orc_cross, layout_caves, basic_altar, mines_bat_river


Message History

The vampire mosquito closely misses you.
You block the vampire mosquito's attack.
The swamp drake breathes noxious fumes at you.
The noxious blast engulfs the vampire mosquito but does no damage.
The vampire mosquito bites you but does no damage.
Found 17 stones.
A spiny frog comes into view.
The spiny frog croaks.
You block the vampire mosquito's attack. x2
You block the vampire mosquito's attack. x2
The vampire mosquito misses you. The vampire mosquito barely misses you.
The vampire mosquito closely misses you.
You block the vampire mosquito's attack.
The spiny frog closely misses you.
Casting: Blink (safe; 1% risk of failure)
Confirm with . or Enter, or press ? or * to list all spells.
You blink.
Okay, then.
Are you sure you want to abandon this character and quit the game? (Confirm with "yes".)

Notes
Turn   | Place    | Note
-------+----------+-------------------------------------------
     0 | D:1      | bmfx the Mummy Warper began the quest for the Orb.
     0 | D:1      | Reached XP level 1. HP: 16/16 MP: 4/4
   494 | D:1      | Reached XP level 2. HP: 22/23 MP: 5/5
   498 | D:1      | Learned a level 2 spell: Blink
  1461 | D:1      | Reached XP level 3. HP: 28/28 MP: 7/7
  1632 | D:1      | Learned a level 2 spell: Shroud of Golubria
  1674 | D:1      | Learned a level 3 spell: Teleport Other
  1761 | D:2      | Noticed a phantom
  2042 | D:2      | Reached skill level 3 in Fighting
  2346 | D:2      | Noticed Robin
  2364 | D:1      | Killed Robin
  2429 | D:2      | Reached XP level 4. HP: 33/35 MP: 8/8
  2913 | D:2      | Found a hide-covered altar of Uskayaw.
  3115 | D:3      | Noticed Jessica
  3241 | D:3      | Killed Jessica
  3241 | D:3      | Reached skill level 1 in Slings
  3451 | D:3      | Reached XP level 5. HP: 42/42 MP: 7/9
  3520 | D:3      | Reached skill level 4 in Fighting
  3701 | D:3      | Found a stormy altar of Qazlal.
  3703 | D:3      | Noticed an air elemental
  3704 | D:3      | Noticed a water elemental
  3704 | D:3      | Noticed a fire elemental
  4217 | D:4      | Found a bloodstained altar of Trog.
  4495 | D:4      | Reached XP level 6. HP: 47/48 MP: 9/12
  4582 | D:4      | Found a basalt altar of Yredelemnul.
  4713 | D:4      | Found an ancient bone altar of Kikubaaqudgha.
  4795 | D:4      | Found a white marble altar of Elyvilon.
  5058 | D:5      | Entered Level 5 of the Dungeon
  5069 | D:5      | Noticed an ice beast
  5210 | D:4      | Reached skill level 1 in Evocations
  5810 | D:5      | Found an ancient bone altar of Kikubaaqudgha.
  5969 | D:5      | Found Woig's Jewellery Boutique.
  6209 | D:5      | Found a staircase to the Ecumenical Temple.
  6218 | Temple   | Entered the Ecumenical Temple
  6740 | D:4      | Killed an ice beast
  6740 | D:4      | Reached XP level 7. HP: 46/54 MP: 4/13
  8606 | D:6      | Reached XP level 8. HP: 60/60 MP: 14/14
  8735 | D:6      | Found a glowing golden altar of the Shining One.
  9063 | D:6      | Found an opulent altar of Gozag.
  9081 | D:6      | Found a sacrificial altar of Ru.
  9089 | D:6      | Became a worshipper of Gozag Ym Sagoz the Greedy
  9199 | D:6      | Reached skill level 5 in Slings
 10297 | D:6      | Found a glowing golden altar of the Shining One.
 10427 | D:7      | Noticed Harold
 10960 | D:7      | Found an iron altar of Okawaru.
 11031 | D:7      | Reached XP level 9. HP: 48/65 MP: 12/15
 12158 | D:7      | Reached skill level 5 in Evocations
 12760 | D:5      | Bought a +5 amulet of reflection for 576 gold pieces
 12928 | D:7      | Killed Harold
 13297 | D:7      | Noticed Maggie
 13312 | D:7      | Killed Maggie
 13312 | D:7      | Reached XP level 10. HP: 71/71 MP: 16/16
 13387 | D:7      | Noticed Joseph
 13461 | D:7      | Killed Joseph
 14055 | D:8      | Found a radiant altar of Vehumet.
 14133 | D:8      | Reached skill level 5 in Fighting
 14324 | D:5      | Bought an uncursed ring of see invisible for 210 gold
                  | pieces
 14945 | D:8      | Found an ornate altar of the Wu Jian Council.
 15052 | D:7      | Reached skill level 6 in Fighting
 15192 | D:8      | Noticed Prince Ribbit
 15506 | D:8      | Killed Prince Ribbit
 15755 | D:8      | Noticed Grum
 15795 | D:8      | Reached skill level 7 in Fighting
 15798 | D:8      | Killed Grum
 16155 | D:8      | Reached skill level 8 in Fighting
 16431 | D:9      | Noticed a two-headed ogre
 16742 | D:9      | Killed a two-headed ogre
 16888 | D:9      | Reached XP level 11. HP: 86/86 MP: 14/17
 17003 | D:9      | Identified a scroll of acquirement
 17004 | D:9      | Identified the amulet of Equilibrium {RegenMP +Fly rPois
                  | rC+++ Dex-4} (You acquired it on level 9 of the Dungeon)
 17101 | D:9      | Found a staircase to the Lair.
 17503 | D:10     | Entered Level 10 of the Dungeon
 17507 | D:10     | Reached skill level 5 in Dodging
 17529 | D:10     | Found Fearemel's Antique Armour Shop.
 17584 | D:10     | Bought a pair of gloves for 130 gold pieces
 17603 | D:10     | Noticed Psyche
 17961 | D:9      | Learned a level 3 spell: Mephitic Cloud
 17983 | D:10     | Noticed Psyche
 17983 | D:10     | Psyche changed into Psyche the porcupine
 18088 | D:10     | Found Fireah's Weapon Shoppe.
 18139 | D:10     | Found an ancient bone altar of Kikubaaqudgha.
 18139 | D:10     | Noticed a deep elf mage
 18139 | D:10     | Noticed a deep elf mage
 18161 | D:10     | Killed a deep elf mage
 18445 | D:5      | Bought an uncursed ring of protection from fire for 350
                  | gold pieces
 18724 | Lair:1   | Entered Level 1 of the Lair of Beasts
 18759 | D:9      | Reached skill level 1 in Conjurations
 18759 | D:9      | Reached skill level 1 in Air Magic
 18759 | D:9      | Reached skill level 1 in Poison Magic
 20307 | Lair:2   | Found a frozen archway.
 20360 | IceCv    | Entered an ice cave
 20683 | Lair:2   | Noticed an oklob plant
 21211 | Lair:2   | Noticed a death yak
 21211 | Lair:2   | Noticed a death yak
 21211 | Lair:2   | Noticed a death yak
 21599 | Lair:3   | Reached XP level 12. HP: 70/92 MP: 8/18
 22173 | Lair:3   | Got a transparent scale mail
 22184 | Lair:3   | Identified the +5 scale mail of an ossuary {+Fly rElec rF-
                  | Regen+} (You found it on level 3 of the Lair of Beasts)
 22502 | Lair:2   | Noticed a death yak
 22532 | Lair:2   | Noticed a death yak
 22571 | Lair:1   | Killed a death yak
 22708 | Lair:1   | Killed a death yak
 22896 | Lair:1   | Killed a death yak
 23027 | Lair:2   | Killed a death yak
 23027 | Lair:2   | Reached skill level 10 in Slings
 23107 | Lair:2   | Noticed Fannar
 23149 | Lair:2   | Killed Fannar
 23742 | Lair:3   | Found a staircase to the Swamp.
 24217 | Lair:3   | Identified Daavvuta's Papyrus of Shape Shifting and
                  | Execration
 24335 | Lair:4   | Found a staircase to the Snake Pit.
 24573 | Lair:4   | Got a warped morningstar
 24574 | Lair:4   | Identified the +2 morningstar "Hiyl" {speed, rPois} (You
                  | found it on level 4 of the Lair of Beasts)
 25266 | Lair:4   | Gained mutation: You are in touch with the powers of death.
                  | [Mummy growth]
 25266 | Lair:4   | Reached XP level 13. HP: 81/98 MP: 15/19
 26151 | Lair:5   | Reached skill level 10 in Dodging
 26443 | Lair:5   | Found a staircase to the Slime Pits.
 27561 | Lair:6   | Entered Level 6 of the Lair of Beasts
 27934 | Lair:6   | Reached skill level 9 in Fighting
 28673 | Lair:5   | Reached skill level 10 in Fighting
 30030 | Lair:6   | Bought a steaming leather armour for 231 gold pieces
 30030 | Lair:6   | Bought a scorched leather armour for 231 gold pieces
 30030 | Lair:6   | Bought fire dragon scales for 1980 gold pieces
 30040 | Lair:6   | Identified the +0 leather armour of Kysh {rN+ Str+4 Int-5}
                  | (You bought it in a shop on level 6 of the Lair of Beasts)
 30050 | Lair:6   | Identified the +0 leather armour of Fun {rCorr Str+8 Dex+3
                  | Stlth-} (You bought it in a shop on level 6 of the Lair of
                  | Beasts)
 30141 | Lair:6   | Reached skill level 11 in Fighting
 30323 | Lair:6   | Noticed a fire dragon
 30338 | Lair:6   | Killed a fire dragon
 30834 | D:10     | Found Nukidwuge's Jewellery Boutique.
 31155 | D:10     | Found Fearemel's Antique Armour Shop.
 31257 | D:10     | Found Nukidwuge's Jewellery Boutique.
 31340 | D:10     | Killed Psyche the porcupine
 31351 | D:10     | Found Fireah's Weapon Shoppe.
 31372 | D:10     | Found an ancient bone altar of Kikubaaqudgha.
 31892 | D:11     | Reached XP level 14. HP: 113/113 MP: 20/20
 32152 | D:11     | Got a slimy spear
 32153 | D:11     | Identified the cursed +1 spear "Moxzeic" {drain, Fragile
                  | +Blink rPois rF+} (You found it on level 11 of the Dungeon)
 32678 | D:11     | Found a staircase to the Orcish Mines.
 32715 | D:11     | Reached skill level 12 in Fighting
 33231 | D:12     | Noticed Maurice
 33234 | D:12     | Killed Maurice
 33249 | D:12     | Reached skill level 1 in Shields
 33252 | D:12     | Noticed Urug
 33263 | D:12     | Killed Urug
 33345 | D:12     | Noticed Azrael
 33671 | D:12     | Found a flickering gateway to a bazaar.
 33690 | Bazaar   | Entered a bazaar
 33690 | Bazaar   | Found Mumnue's Antique Armour Boutique.
 33690 | Bazaar   | Found Toaroah's Weapon Shop.
 33690 | Bazaar   | Found Piw Pude's Weapon Shop.
 33820 | Bazaar   | Bought 8 sling bullets for 32 gold pieces
 33822 | Bazaar   | Bought a faintly humming leather armour for 189 gold pieces
 33822 | Bazaar   | Bought a pair of embroidered gloves for 202 gold pieces
 33822 | Bazaar   | Bought a turquoise-encrusted scale mail for 243 gold pieces
 33832 | Bazaar   | Identified the +4 scale mail of Insurance {*Corrode +Fly
                  | Str+3} (You bought it in a shop in a bazaar)
 33842 | Bazaar   | Identified the +1 leather armour of the Cockroach {rN+
                  | Int+4} (You bought it in a shop in a bazaar)
 33865 | Bazaar   | Bought a pair of embroidered gloves for 202 gold pieces
 34388 | D:13     | Found a runed translucent door.
 34487 | D:13     | Noticed Flugslaktarn's ghost (journeyman DDFi)
 34586 | D:13     | Learned a level 1 spell: Apportation
 34591 | D:13     | Learned a level 4 spell: Passage of Golubria
 35723 | D:13     | Reached skill level 5 in Shields
 35723 | D:13     | Reached skill level 5 in Translocations
 36068 | D:13     | Found a gate to the Vaults.
 38372 | D:13     | Reached skill level 5 in Spellcasting
 38690 | D:13     | Found a runed translucent door.
 38813 | D:13     | Found a gate to the Vaults.
 39513 | D:13     | Found a runed translucent door.
 40111 | D:13     | Found a gate to the Vaults.
 40546 | D:12     | Reached skill level 1 in Armour
 41229 | Orc:1    | Entered Level 1 of the Orcish Mines
 41951 | Orc:2    | Entered Level 2 of the Orcish Mines
 42005 | Orc:1    | Reached XP level 15. HP: 85/120 MP: 17/24
 42154 | Orc:2    | Found a roughly hewn altar of Beogh.
 42547 | Orc:2    | Noticed an orc warlord
 42712 | Orc:2    | Noticed an orc warlord
 43320 | Orc:2    | Noticed Blork the orc
 43322 | Orc:2    | Killed Blork the orc
 43369 | Orc:2    | Killed an orc warlord
 43986 | Orc:2    | Found a roughly hewn altar of Beogh.
 44060 | Orc:2    | Found Pownoj's General Store.
 44063 | Orc:2    | Found Solypo's Book Shop.
 44107 | Orc:2    | Found a staircase to the Elven Halls.
 44166 | Orc:2    | Found Lade's Antique Armour Shop.
 44210 | Orc:2    | Found Tuemnag's Antique Weapon Shop.
 44527 | D:10     | Killed an orc warlord
 44950 | Orc:2    | Learned a level 4 spell: Summon Lightning Spire
 45030 | D:11     | Killed Azrael
 45440 | Swamp:1  | Entered Level 1 of the Swamp
 45660 | Orc:2    | Bought a book of Air for 420 gold pieces
 45665 | Orc:2    | Learned a level 4 spell: Airstrike
 47165 | Swamp:2  | Noticed Donald
 47723 | Swamp:4  | Entered Level 4 of the Swamp
 47803 | Swamp:3  | Noticed a thorn hunter
 47822 | Swamp:3  | Quit the game
